Map: Winter Madness LE

Players

SZNightMare (NightMare) - Winner!

  • Race: Protoss Protoss
  • League: Master
  • Spawn Location: 11:00

Kelazhur

  • Race: Terran Terran
  • League: Master
  • Spawn Location: 5:00

VOD

Have the link to the VOD?

Description

Time

  • Played on: Jan. 30, 2026, 7:59 a.m.
  • Length: 9:25
Show
View Real Time Build Order
Export as new Build Order

SZNightMare Protoss - Winner!

Build Orders: 1 Gate Expand, Blink Stalkers, Colossus Rush 

Get SALT Encoding   

  12  0:00  Probe  
  13  0:12  Probe  
  14  0:17  Pylon  
  14  0:24  Probe  
  15  0:32  Probe  
  15  0:37  Gateway  
  15  0:40  Probe  
  16  0:47  Assimilator  
  17  0:51  Probe  
  18  1:03  Probe  
  19  1:15  Probe  
  20  1:25  Cybernetics Core  
  23  1:35  Nexus  
  23  1:36  Probe  
  21  1:45  Pylon  
  21  1:48  Probe  
  21  1:51  Assimilator  
  21  1:53  Adept  
  22  2:00  Probe  
  23  2:04  Warp Gate  
  25  2:12  Probe  
  26  2:23  Adept  
  26  2:24  Probe  
  26  2:28  Twilight Council  
  29  2:36  Probe  
  30  2:38  Blink  
  30  2:41  Gateway  
  30  2:47  Probe  
  30  2:48  Probe  
  30  2:50  Stalker  
  34  2:59  Probe  
  34  3:01  Probe  
  36  3:11  Probe  
  37  3:13  Probe  
  37  3:19  Pylon  
  38  3:22  Shield Battery  
  38  3:25  Probe x2  
  40  3:37  Probe x2  
  40  3:38  Robotics Facility  
  42  3:44  Gateway  
  42  3:49  Probe x2  
  42  3:56  Stalker x2  
  42  4:01  Probe x2  
  46  4:13  Probe x2  
  46  4:15  Pylon  
  46  4:16  Assimilator  
  48  4:19  Observer  
  48  4:20  Assimilator, Stalker x2  
  52  4:26  Probe  
  54  4:31  Pylon  
  54  4:33  Probe  
  54  4:36  Observer, Shield Battery  
  56  4:47  Stalker  
  56  4:49  Stalker x2  
  62  4:56  Nexus  
  62  4:58  Pylon  
  62  5:03  Probe x2  
  64  5:18  Charge  
  64  5:25  Robotics Bay  
  64  5:26  Probe x2  
  64  5:28  Pylon  
  66  5:38  Probe x2  
  66  5:40  Gateway  
  66  5:42  Gateway  
  65  5:46  Gateway  
  65  5:49  Gateway  
  64  5:50  Probe x2  
  64  5:55  Colossus  
  64  6:02  Gateway  
  64  6:03  Gateway  
  64  6:05  Probe x2  
  64  6:07  Sentry  
  68  6:13  Extended Thermal Lance  
  68  6:15  Probe  
  68  6:17  Probe  
  68  6:18  Probe  
  77  6:27  Probe  
  77  6:30  Probe x2  
  78  6:36  Colossus  
  78  6:39  Sentry, Zealot x4  
  88  6:43  Pylon, Probe  
  88  6:44  Probe x2  
  97  7:00  Stalker x3  
  101  7:06  Stalker x2  
  101  7:11  Zealot  
  101  7:12  Zealot x2  
  108  7:15  Probe, Pylon  
  108  7:19  Pylon  
  108  7:29  Pylon  
  108  7:33  Warp Prism  
  107  7:40  Zealot x6  
  114  8:02  Zealot x5  
  114  8:03  Zealot x4  
  116  8:20  Nexus  
  116  8:25  Pylon  
  114  8:34  Zealot x5  
  114  8:35  Zealot x4, Templar Archives  
  108  8:57  Zealot x9  
Show
View Real Time Build Order
Export as new Build Order

Kelazhur Terran 

Build Orders:  

Get SALT Encoding   

  12  0:00  SCV  
  13  0:12  SCV  
  14  0:16  Supply Depot  
  14  0:24  SCV  
  15  0:38  SCV  
  15  0:39  Barracks  
  16  0:43  Refinery  
  16  0:50  SCV  
  17  1:02  SCV  
  18  1:14  SCV  
  19  1:28  Orbital Command  
  20  1:37  Command Center  
  19  1:41  Marine  
  20  1:52  Factory  
  20  1:55  SCV  
  21  2:03  Barracks Reactor  
  21  2:05  Supply Depot  
  21  2:08  SCV  
  22  2:19  Bunker  
  22  2:20  SCV  
  23  2:27  Refinery  
  23  2:32  SCV  
  23  2:35  Hellion  
  26  2:39  Starport  
  26  2:45  SCV  
  26  2:49  Orbital Command  
  27  2:54  Hyperflight Rotors  
  27  2:56  Marine x2  
  29  2:59  SCV  
  30  3:08  Factory Tech Lab  
  30  3:11  SCV  
  31  3:14  Marine x2  
  33  3:23  SCV  
  34  3:28  SCV  
  34  3:32  Marine x2  
  37  3:34  Banshee  
  37  3:37  SCV  
  37  3:40  Supply Depot  
  41  3:43  SCV  
  42  3:50  Marine x2  
  42  3:59  SCV x2  
  42  4:00  Factory Tech Lab  
  44  4:05  Barracks x2  
  44  4:11  SCV  
  44  4:13  Marine x2  
  45  4:18  Banshee  
  45  4:19  SCV  
  45  4:23  SCV  
  50  4:24  Siege Tank  
  50  4:28  Supply Depot  
  50  4:31  SCV  
  54  4:36  Supply Depot  
  54  4:38  Refinery  
  54  4:40  Engineering Bay  
  54  4:49  Marine x2, SCV x2  
  54  4:52  Supply Depot  
  58  4:54  Barracks Tech Lab  
  58  5:02  SCV  
  58  5:03  Stimpack  
  58  5:04  SCV  
  60  5:14  SCV, Marine  
  61  5:15  Marine  
  61  5:19  Factory Reactor  
  61  5:20  SCV  
  64  5:22  Refinery, Starport Reactor  
  64  5:24  Supply Depot  
  64  5:25  Terran Infantry Weapons Level 1  
  64  5:26  Marine x2  
  64  5:28  SCV  
  67  5:30  Combat Shield  
  67  5:31  Supply Depot  
  67  5:33  SCV  
  67  5:35  Supply Depot  
  68  5:45  SCV  
  68  5:47  Marine  
  68  5:48  Marine, Marauder x2  
  72  5:53  SCV  
  70  5:59  Medivac  
  70  6:00  Medivac  
  74  6:05  Widow Mine x2, Marine x2  
  74  6:10  Command Center  
  80  6:16  Marauder x2  
  80  6:17  SCV x2  
  86  6:23  Marine x2  
  88  6:30  SCV  
  84  6:39  Marauder x2  
  87  6:40  Widow Mine x2, Medivac  
  87  6:44  Supply Depot  
  87  6:46  Marine  
  94  7:05  Marine  
  94  7:06  SCV, Widow Mine x2, Marauder  
  94  7:08  Supply Depot x2  
  102  7:16  Barracks x2  
  102  7:17  Concussive Shells  
  102  7:21  Marine, Medivac x2  
  102  7:22  SCV x2, Marauder  
  111  7:27  Terran Infantry Armor Level 1  
  111  7:34  SCV  
  108  7:40  Marine, Marauder  
  111  7:45  SCV  
  111  7:48  SCV  
  113  7:57  SCV  
  95  8:00  Marine  
  95  8:01  Marine, Marauder x2, Viking x2  
  95  8:02  SCV  
  99  8:09  SCV  
  99  8:11  Barracks Tech Lab, Barracks Reactor  
  103  8:13  Widow Mine x2  
  103  8:19  Marine  
  98  8:22  Marauder  
  98  8:23  Marauder  
  102  8:30  Marauder  
  102  8:31  Viking x2  
  102  8:32  SCV  
  109  8:39  Starport  
  107  8:44  Marauder  
  107  8:46  Marauder  
  99  8:48  Marine  
  99  8:49  Marine x3  
  99  8:51  Marauder  
  76  9:06  Marine x4  
  76  9:07  Marine  
Tags
 
Add a new tag
Caveats
  • Supply blocks, unpowered buildings, or Contaminate may cause inaccurate times.
  • Supply counts are checked every 10 seconds.